MLB
TEXAS RANGERS @ TAMPA BAY RAYS
04/22/2099
 
TOP OF THE 1ST
Texas Rangers batting - Pitching for Tampa Bay Rays : RHP Edgar Ferretti
Pitching: RHP Edgar Ferretti
Batting: SHB Luis Chavez 0-0: Ball
1-0: Ground out 5-3 (Groundball, 5, EV 88.1 MPH)
Batting: RHB Chris Patrick 0-0: Ball
1-0: Foul Ball, location: 9LSF
1-1: Ball
2-1: Ground out 6-3 (Groundball, 56, EV 75.6 MPH)
Batting: LHB Simeone DeVito 0-0: Ball
1-0: Called Strike
1-1: Swinging Strike
1-2: Strikes out swinging
Top of the 1st over - 0 runs, 0 hits, 0 errors, 0 left on base; Texas 0 - Tampa Bay 0
BOTTOM OF THE 1ST
Tampa Bay Rays batting - Pitching for Texas Rangers : RHP Jose Benitez
Pitching: RHP Jose Benitez
Batting: SHB Jorge Ramos 0-0: Ground out U3 (Groundball, 34S, EV 78.8 MPH)
Batting: RHB Jamie Huggins 0-0: Ball
1-0: Called Strike
1-1: Ball
2-1: Fly out, F7 (Line Drive, 7S, EV 94.4 MPH)
Batting: RHB Pedro Porras 0-0: Ground out 5-3 (Groundball, 5, EV 83.1 MPH)
Bottom of the 1st over - 0 runs, 0 hits, 0 errors, 0 left on base; Texas 0 - Tampa Bay 0
TOP OF THE 2ND
Texas Rangers batting - Pitching for Tampa Bay Rays : RHP Edgar Ferretti
Batting: RHB Kevin Hock 0-0: Ball
1-0: Called Strike
1-1: Ball
2-1: Called Strike
2-2: Foul Ball, location: 3SF
2-2: Foul Ball, location: 2F
2-2: Ground out 5-3 (Groundball, 5, EV 81.3 MPH)
Batting: LHB Nick Gunnels 0-0: Ball
1-0: Called Strike
1-1: Ball
2-1: Ball
3-1: SINGLE (Line Drive, 89S, EV 105.6 MPH)
Batting: RHB Travis Huffman 0-0: Swinging Strike
0-1: Ball
1-1: Foul Ball, location: 2F
1-2: Ball
2-2: Foul Ball, location: 23F
2-2: Strikes out looking
Batting: LHB Scott Spencer 0-0: Called Strike
0-1: Ball
1-1: Ball
2-1: Fly out, F8 (Line Drive, 8LM, EV 102.5 MPH)
Top of the 2nd over - 0 runs, 1 hit, 0 errors, 1 left on base; Texas 0 - Tampa Bay 0
BOTTOM OF THE 2ND
Tampa Bay Rays batting - Pitching for Texas Rangers : RHP Jose Benitez
Batting: RHB Kevin Schulz 0-0: SINGLE (Groundball, 4MD, EV 105.6 MPH)
Batting: RHB Dave Taylor 0-0: Called Strike
0-1: SINGLE (Line Drive, 9S, EV 104.4 MPH)
Kevin Schulz to second
Batting: LHB Ray Behm 0-0: SINGLE (Line Drive, 6MD, EV 99.4 MPH)
Kevin Schulz to third
Dave Taylor to second
Batting: RHB Steve Auclair 0-0: SINGLE (Groundball, 6MD, EV 94.4 MPH)
Kevin Schulz scores
Dave Taylor to third
Ray Behm to second
Runner from 3rd tries for Home, SAFE, throw by CF to home
Batting: SHB Ryan Takach 0-0: Ball
1-0: Ball
2-0: Ball
3-0: Base on Balls
Ray Behm to third
Steve Auclair to second
Batting: RHB Mark Fousek 0-0: Fly out, F7 (Flyball, 7, EV 86.9 MPH)
Runner from 3rd tags up, SCORES, throw by LF
Batting: SHB Jorge Ramos 0-0: DOUBLE (Line Drive, 8RXD, EV 109.4 MPH)
Steve Auclair scores
Ryan Takach to third
Runner from 3rd tries for Home, SAFE, throw by CF to home
Batting: RHB Jamie Huggins 0-0: Called Strike
0-1: Ground out 4-3 (Groundball, 4, EV 106.9 MPH)
Jorge Ramos to third
Batting: RHB Pedro Porras 0-0: Called Strike
0-1: Ball
1-1: Called Strike
1-2: Ball
2-2: Ball
3-2: DOUBLE (Flyball, 89D, EV 100.6 MPH)
Jorge Ramos scores
Batting: RHB Kevin Schulz 0-0: Ball
1-0: Ball
2-0: Called Strike
2-1: SINGLE (Groundball, 34D, EV 104.4 MPH) (infield hit)
Pedro Porras to third
Pitching: RHP Antonio Jimenez
Batting: RHB Dave Taylor 0-0: Ball
1-0: Foul Ball, location: 2F
1-1: Foul Ball, location: 5F
1-2: Ball
2-2: Fly out, F8 (Flyball, 78D, EV 89.4 MPH)
Bottom of the 2nd over - 6 runs, 7 hits, 0 errors, 2 left on base; Texas 0 - Tampa Bay 6
TOP OF THE 3RD
Texas Rangers batting - Pitching for Tampa Bay Rays : RHP Edgar Ferretti
Batting: RHB Josh Mehl 0-0: Called Strike
0-1: Ball
1-1: Called Strike
1-2: Strikes out swinging
Batting: RHB Raul Camacho 0-0: Foul Ball, location: 23F
0-1: Called Strike
0-2: Foul Ball, location: 2F
0-2: Ball
1-2: Fly out, F8 (Flyball, 8LD, EV 86.3 MPH)
Batting: SHB Luis Chavez 0-0: DOUBLE (Groundball, 3L, EV 106.9 MPH)
Batting: RHB Chris Patrick 0-0: Swinging Strike
0-1: Ball
1-1: Swinging Strike
1-2: Ball
2-2: Ground out 3-1 (Groundball, 34, EV 99.4 MPH)
Top of the 3rd over - 0 runs, 1 hit, 0 errors, 1 left on base; Texas 0 - Tampa Bay 6
BOTTOM OF THE 3RD
Tampa Bay Rays batting - Pitching for Texas Rangers : RHP Antonio Jimenez
Batting: LHB Ray Behm 0-0: Ball
1-0: Fly out, F8 (Flyball, 78M, EV 87.5 MPH)
Batting: RHB Steve Auclair 0-0: Swinging Strike
0-1: Ball
1-1: Ball
2-1: Ball
3-1: Foul Ball, location: 2F
3-2: Foul Ball, location: 7LMF
3-2: Foul Ball, location: 23F
3-2: SINGLE (Line Drive, 78M, EV 84.4 MPH)
Batting: SHB Ryan Takach 0-0: Called Strike
0-1: Reached on error, E4 (Groundball, 4S, EV 78.8 MPH)
Steve Auclair to second
Batting: RHB Mark Fousek 0-0: Called Strike
0-1: Foul Ball, location: 2F
0-2: Ball
1-2: Ball
2-2: Strikes out swinging
Batting: SHB Jorge Ramos 0-0: Foul Ball, location: 7LSF
0-1: Foul Ball, location: 2F
0-2: Ball
1-2: Foul Ball, location: 25F
1-2: Foul Ball, location: 25FF
1-2: SINGLE (Line Drive, 78S, EV 87.5 MPH)
Steve Auclair to third
Ryan Takach to second
Batting: RHB Jamie Huggins 0-0: Called Strike
0-1: Ball
1-1: DOUBLE (Line Drive, 89M, EV 108.1 MPH)
Steve Auclair scores
Ryan Takach scores
Jorge Ramos to third
Runner from 3rd tries for Home, SAFE, throw by RF to home
Batting: RHB Pedro Porras 0-0: Ball
1-0: Ball
2-0: Ball
3-0: Called Strike
3-1: Foul Ball, location: 23F
3-2: Foul Ball, location: 7LMF
3-2: Foul Ball, location: 2F
3-2: Base on Balls
Batting: RHB Kevin Schulz 0-0: Fly out, F9 (Flyball, 9, EV 91.9 MPH)
Bottom of the 3rd over - 3 runs, 3 hits, 1 error, 2 left on base; Texas 0 - Tampa Bay 9
TOP OF THE 4TH
Texas Rangers batting - Pitching for Tampa Bay Rays : RHP Edgar Ferretti
Batting: LHB Simeone DeVito 0-0: Foul Ball, location: 23FF
0-1: Ball
1-1: SOLO HOME RUN (Flyball, 9LD, EV 91.3 MPH), Distance : 355 ft
Batting: RHB Kevin Hock 0-0: Fly out, F8 (Flyball, 8RM, EV 90.0 MPH)
Batting: LHB Nick Gunnels 0-0: Foul Ball, location: 2F
0-1: Fly out, F7 (Flyball, 78M, EV 91.3 MPH)
Batting: RHB Travis Huffman 0-0: Called Strike
0-1: Called Strike
0-2: Ball
1-2: Foul Ball, location: 23F
1-2: Strikes out looking
Top of the 4th over - 1 run, 1 hit, 0 errors, 0 left on base; Texas 1 - Tampa Bay 9
BOTTOM OF THE 4TH
Tampa Bay Rays batting - Pitching for Texas Rangers : RHP Antonio Jimenez
Batting: RHB Dave Taylor 0-0: Ball
1-0: Called Strike
1-1: Swinging Strike
1-2: Ball
2-2: Ball
3-2: SINGLE (Groundball, 6MD, EV 95.0 MPH)
Pitching: LHP Ryan Zeiher
Batting: LHB Ray Behm 0-0: Ball
1-0: Called Strike
1-1: Ball
2-1: Fly out, F8 (Flyball, 8RXD, EV 89.4 MPH)
Batting: RHB Steve Auclair 0-0: Foul Ball, location: 5FF
0-1: Fly out, F7 (Flyball, 7LD, EV 81.9 MPH)
Batting: SHB Ryan Takach 0-0: Ball
1-0: Ball
2-0: Foul Ball, location: 2F
2-1: Ball
3-1: Foul Ball, location: 5FF
3-2: Base on Balls
Dave Taylor to second
Batting: RHB Mark Fousek 0-0: Fielders Choice at 2nd, 5-4 (Groundball, 56, EV 93.1 MPH)
Bottom of the 4th over - 0 runs, 1 hit, 0 errors, 2 left on base; Texas 1 - Tampa Bay 9
TOP OF THE 5TH
Texas Rangers batting - Pitching for Tampa Bay Rays : RHP Edgar Ferretti
Batting: LHB Scott Spencer 0-0: Called Strike
0-1: Hit by Pitch
Batting: RHB Josh Mehl 0-0: Ball
1-0: Called Strike
1-1: Foul Ball, location: 25F
1-2: Strikes out swinging
Batting: RHB Raul Camacho 0-0: Fly out, F5 (Popup, 5SF, EV 80.6 MPH)
Batting: SHB Luis Chavez 0-0: Called Strike
0-1: Called Strike
0-2: Foul Ball, location: 5DF
0-2: Ground out 4-3 (Groundball, 4, EV 83.1 MPH)
Top of the 5th over - 0 runs, 0 hits, 0 errors, 1 left on base; Texas 1 - Tampa Bay 9
BOTTOM OF THE 5TH
Tampa Bay Rays batting - Pitching for Texas Rangers : LHP Ryan Zeiher
Batting: SHB Jorge Ramos 0-0: Ball
1-0: Ball
2-0: Called Strike
2-1: Foul Ball, location: 7LDF
2-2: Strikes out looking
Batting: RHB Jamie Huggins 0-0: Swinging Strike
0-1: Swinging Strike
0-2: Ball
1-2: Strikes out swinging
Batting: RHB Pedro Porras 0-0: Ball
1-0: Called Strike
1-1: Ball
2-1: DOUBLE (Line Drive, 9LS, EV 101.3 MPH)
Batting: RHB Kevin Schulz 0-0: Called Strike
0-1: Called Strike
0-2: Ball
1-2: Ball
2-2: Foul Ball, location: 3F
2-2: Foul Ball, location: 9LSFF
2-2: Ball
3-2: Strikes out swinging
Bottom of the 5th over - 0 runs, 1 hit, 0 errors, 1 left on base; Texas 1 - Tampa Bay 9
TOP OF THE 6TH
Texas Rangers batting - Pitching for Tampa Bay Rays : RHP Edgar Ferretti
Batting: RHB Chris Patrick 0-0: Ball
1-0: DOUBLE (Line Drive, 78M, EV 108.8 MPH)
Batting: LHB Simeone DeVito 0-0: Ground out 1-3 (Groundball, 13S, EV 74.4 MPH)
Batting: RHB Kevin Hock 0-0: Called Strike
0-1: Called Strike
0-2: Ball
1-2: Ground out 2-3 (Groundball, 2L, EV 66.9 MPH)
Batting: LHB Nick Gunnels 0-0: Ball
1-0: Ball
2-0: Ball
3-0: Fly out, F8 (Flyball, 78M, EV 98.8 MPH)
Top of the 6th over - 0 runs, 1 hit, 0 errors, 1 left on base; Texas 1 - Tampa Bay 9
BOTTOM OF THE 6TH
Tampa Bay Rays batting - Pitching for Texas Rangers : LHP Ryan Zeiher
Batting: RHB Dave Taylor 0-0: SINGLE (Line Drive, 34D, EV 95.0 MPH)
Batting: LHB Ray Behm 0-0: Called Strike
0-1: Ball
1-1: Ball
2-1: Swinging Strike
2-2: Ball
3-2: Fielders Choice at 2nd, 4-6 (Groundball, 4, EV 100.0 MPH)
Pitching: LHP Randy Cona
Batting: RHB Steve Auclair 0-0: Ball
1-0: Foul Ball, location: 5FF
1-1: Swinging Strike
1-2: Strikes out swinging
Batting: SHB Ryan Takach 0-0: Foul Ball, location: 2RF
0-1: Fly out, F7 (Line Drive, 78S, EV 91.9 MPH)
Bottom of the 6th over - 0 runs, 1 hit, 0 errors, 1 left on base; Texas 1 - Tampa Bay 9
TOP OF THE 7TH
Texas Rangers batting - Pitching for Tampa Bay Rays : RHP Edgar Ferretti
Batting: RHB Travis Huffman 0-0: Foul Ball, location: 9LMF
0-1: DOUBLE (Flyball, 89XD, EV 105.6 MPH)
Batting: LHB Scott Spencer 0-0: Foul Ball, location: 7LDF
0-1: Ball
1-1: Fly out, F8 (Flyball, 8RD, EV 95.6 MPH)
Batting: RHB Josh Mehl 0-0: Called Strike
0-1: Ball
1-1: Swinging Strike
1-2: Ball
2-2: Ball
3-2: Base on Balls
Batting: RHB Raul Camacho 0-0: Called Strike
0-1: Foul Ball, location: 5F
0-2: Foul Ball, location: 5SF
0-2: Fly out, F7 (Flyball, 7S, EV 83.8 MPH)
Batting: SHB Luis Chavez 0-0: Ball
1-0: Ball
2-0: Called Strike
2-1: Foul Ball, location: 7LMF
2-2: Fielders Choice at 2nd, 5-4 (Groundball, 56, EV 90.0 MPH)
Top of the 7th over - 0 runs, 1 hit, 0 errors, 2 left on base; Texas 1 - Tampa Bay 9
BOTTOM OF THE 7TH
Tampa Bay Rays batting - Pitching for Texas Rangers : LHP Randy Cona
Batting: RHB Mark Fousek 0-0: Ball
1-0: Fly out, F9 (Flyball, 9, EV 93.8 MPH)
Batting: SHB Jorge Ramos 0-0: Called Strike
0-1: Called Strike
0-2: Strikes out swinging
Batting: RHB Jamie Huggins 0-0: Ball
1-0: SINGLE (Line Drive, 5L, EV 94.4 MPH)
Batting: RHB Pedro Porras 0-0: Called Strike
Jamie Huggins steals 2nd base (no throw)
0-1: Ball
1-1: Ball
2-1: Foul Ball, location: 23F
2-2: SINGLE (Flyball, 5D, EV 95.0 MPH)
Jamie Huggins to third
Runner from 3rd tries for Home, SAFE, throw by LF to home
Batting: RHB Kevin Schulz 0-0: Foul Ball, location: 2F
0-1: Swinging Strike
0-2: Fly out, F8 (Flyball, 8LM, EV 90.0 MPH)
Bottom of the 7th over - 1 run, 2 hits, 0 errors, 1 left on base; Texas 1 - Tampa Bay 10
TOP OF THE 8TH
Texas Rangers batting - Pitching for Tampa Bay Rays : RHP Edgar Ferretti
Batting: RHB Chris Patrick 0-0: Called Strike
0-1: SINGLE (Groundball, 6MD, EV 100.6 MPH)
Batting: LHB Simeone DeVito 0-0: Foul Ball, location: 7LMF
0-1: SINGLE (Flyball, 5D, EV 98.1 MPH)
Chris Patrick to second
Pinch Hitting: LHB Charlie Gagne 0-0: Called Strike
0-1: Ball
1-1: Ball
2-1: Ball
3-1: Swinging Strike
3-2: Base on Balls
Chris Patrick to third
Simeone DeVito to second
Pitching: LHP Manny Herrera
Batting: RHB Jason Hartel 0-0: Called Strike
0-1: Foul Ball, location: 9LMF
0-2: Ball
1-2: Foul Ball, location: 2F
1-2: Fly out, F8 (Line Drive, 8LS, EV 98.8 MPH)
Batting: RHB Travis Huffman 0-0: Hit by Pitch
Chris Patrick scores
Simeone DeVito to third
Charlie Gagne to second
Batting: LHB Scott Spencer 0-0: Called Strike
0-1: Fly out, F8 (Flyball, 8RM, EV 89.4 MPH)
Runner from 3rd tags up, SCORES, throw by CF
Charlie Gagne to third
Batting: RHB Josh Mehl 0-0: Ball
1-0: Fly out, F7 (Flyball, 7LS, EV 91.3 MPH)
Top of the 8th over - 2 runs, 2 hits, 0 errors, 2 left on base; Texas 3 - Tampa Bay 10
BOTTOM OF THE 8TH
Tampa Bay Rays batting - Pitching for Texas Rangers : LHP Randy Cona
Now at 1B: Charlie Gagne
Now in LF: Simeone DeVito
Batting: RHB Dave Taylor 0-0: Called Strike
0-1: Ball
1-1: Ball
2-1: SINGLE (Groundball, 4MD, EV 97.5 MPH)
Batting: LHB Ray Behm 0-0: Called Strike
0-1: Called Strike
0-2: Fly out, F7 (Flyball, 78M, EV 83.1 MPH)
Batting: RHB Steve Auclair 0-0: Ball
1-0: Called Strike
1-1: Ball
2-1: DOUBLE (Flyball, 8LXD, EV 101.3 MPH)
Dave Taylor to third
Runner from 3rd tries for Home, SAFE, throw by CF to trailing runner, SAFE at third!
Pitching: LHP Gabe Osborne
Batting: SHB Ryan Takach 0-0: Ground out 6-3 (Groundball, 56, EV 76.3 MPH)
Steve Auclair scores
Batting: RHB Mark Fousek 0-0: Ball
1-0: Foul Ball, location: 2F
1-1: Foul Ball, location: 2F
1-2: Ball
2-2: Fly out, F9 (Line Drive, 9, EV 91.9 MPH)
Bottom of the 8th over - 2 runs, 2 hits, 0 errors, 0 left on base; Texas 3 - Tampa Bay 12
TOP OF THE 9TH
Texas Rangers batting - Pitching for Tampa Bay Rays : LHP Manny Herrera
Batting: RHB Raul Camacho 0-0: Called Strike
0-1: Ball
1-1: Ball
2-1: Ball
3-1: Base on Balls
Batting: SHB Luis Chavez 0-0: Ball
1-0: Ball
2-0: Called Strike
2-1: Grounds into double play, 5-4-3 (Groundball, 56S, EV 89.4 MPH)
Batting: RHB Chris Patrick 0-0: Ball
1-0: Swinging Strike
1-1: Called Strike
1-2: Strikes out swinging
Top of the 9th over - 0 runs, 0 hits, 0 errors, 0 left on base; Texas 3 - Tampa Bay 12
Thursday, May 2nd , 2024 - OOTP Baseball 24.11 Build 85